 Dungeon Crawl Stone Soup version 0.21.0-3-g78d12a8bdd (webtiles) character file.

13300 Gargoyl the Cleaver (level 11, -2/93 HPs)
             Began as a Centaur Abyssal Knight on Jan 12, 2018.
             Was a High Priest of Lugonu.
             Slain by a salamander
             ... wielding a +4 glaive
              (16 damage)
             ... in a volcano.
             The game lasted 00:23:52 (13239 turns).

Gargoyl the Cleaver (Centaur Abyssal Knight)       Turns: 13239, Time: 00:23:53

Health: -2/93      AC: 29    Str: 20    XL:     11   Next: 73%
Magic:  17/17      EV:  3    Int: 11    God:    Lugonu [*****.]
Gold:   466        SH:  4    Dex: 11    Spells: 10/10 levels left

rFire    . . .     SeeInvis .   E - +8 hand axe
rCold    . . .     Gourm    .   b - +0 buckler
rNeg     . . .     Faith    .   I - +0 plate armour
rPois    .         Spirit   .   S - +0 hat
rElec    .         Reflect  .   j - +1 cloak
rCorr    .         Harm     .   N - +2 pair of gloves
MR       .....                  m - +1 centaur barding {Fly}
Stlth    ..........             O - amulet of regeneration
HPRegen  0.65/turn              d - +4 ring of strength
MPRegen  0.15/turn              L - +5 ring of protection

@: flying, very quick
A: large, hooves 3, deformed body, speed 2, tough skin 3
a: Depart the Abyss, Bend Space, Banish, Corrupt, Enter the Abyss, Renounce
Religion, Stop Flying


You were in a volcano.
You worshipped Lugonu.
Lugonu was extremely pleased with you.
You were hungry.

You visited 2 branches of the dungeon, and saw 13 of its levels.
You visited the Abyss 1 time.
You also visited: Sewer and Volcano.

You collected 586 gold pieces.
You spent 120 gold pieces at shops.

Inventory:

Hand Weapons
 a - a +1 hand axe
 o - a +1 war axe
 w - a +0 trident of venom
 E - a +8 hand axe (weapon)
Missiles
 i - 4 javelins (quivered)
Armour
 b - a +0 buckler (worn)
 j - a +1 cloak (worn)
 m - a +1 centaur barding of flying (worn)
 I - a +0 plate armour (worn)
 N - a +2 pair of gloves (worn)
 S - a +0 hat (worn)
Jewellery
 d - a +4 ring of strength (left hand)
 K - an uncursed ring of positive energy
 L - a +5 ring of protection (right hand)
 M - an uncursed ring of poison resistance
 O - an amulet of regeneration (around neck)
Scrolls
 n - 3 scrolls of remove curse
 p - 2 scrolls of fear
 t - 9 scrolls of teleportation
 A - 3 scrolls of identify
Potions
 e - 6 potions of curing
 f - 2 potions of agility
 g - 4 potions of haste
 l - 2 potions of invisibility
 s - a potion of might
 x - a potion of flight {unknown}
 C - 2 potions of brilliance {unknown}
 P - a potion of cancellation
 T - a potion of mutation {unknown}
Books
 D - a book of Flames

   Spells                             Type                      Level
   a - Flame Tongue                   Conjuration/Fire             1
   b - Throw Flame                    Conjuration/Fire             2
   c - Conjure Flame                  Conjuration/Fire             3
   d - Inner Flame                    Hexes/Fire                   3
   e - Sticky Flame                   Conjuration/Fire             4
   f - Fireball                       Conjuration/Fire             5
 F - a book of Beasts

   Spells                             Type                      Level
   a - Summon Butterflies             Summoning                    1
   b - Call Canine Familiar           Summoning                    3
   c - Summon Ice Beast               Ice/Summoning                4
   d - Summon Mana Viper              Hexes/Summoning              5
   e - Summon Hydra                   Summoning                    7
 G - a book of Cantrips

   Spells                             Type                      Level
   a - Confusing Touch                Hexes                        1
   b - Animate Skeleton               Necromancy                   1
   c - Summon Small Mammal            Summoning                    1
   d - Apportation                    Translocation                1
 J - a book of Callings

   Spells                             Type                      Level
   a - Summon Small Mammal            Summoning                    1
   b - Call Imp                       Summoning                    2
   c - Call Canine Familiar           Summoning                    3
   d - Summon Guardian Golem          Hexes/Summoning              3
   e - Summon Lightning Spire         Summoning/Air                4
   f - Summon Ice Beast               Ice/Summoning                4
Comestibles
 c - 20 rations


   Skills:
 + Level 7.7 Fighting
 + Level 9.7 Axes
 + Level 1.4 Throwing
 * Level 8.6 Armour
 + Level 1.8 Dodging
 + Level 2.9 Shields
 * Level 8.9 Invocations


You had 10 spell levels left.
You didn't know any spells.

Dungeon Overview and Level Annotations

Branches:
Dungeon (11/15)            Temple (0/1) D:7            Lair (2/6) D:11
    Orc (0/2) D:11
  Swamp: Lair:2-4    Shoals: Lair:2-4     Snake: Lair:2-4    Spider: Lair:2-4

Altars:
Dithmenos
Gozag
Ru
Trog
Wu Jian
Zin
The Shining One
Beogh

Shops:
D:4 *   D:5 *   D:8 :*[

Annotations:
D:10 1 runed door


Innate Abilities, Weirdness & Mutations

You have hooves in place of feet.
Armour fits poorly on your strangely shaped body.
You cover ground very quickly.
You have extremely tough skin. (AC +3)


Message History

Unknown command.
You hit the salamander mystic but do no damage.
Your kick misses the salamander mystic.
The salamander mystic is moderately wounded.
The salamander hits you but does no damage.
The salamander mystic points at you and mumbles some strange words.
The bolt of magma hits you! You block the salamander's attack.
The salamander hits you from afar with a halberd.
You are engulfed in flames!
* * * LOW HITPOINT WARNING * * *
You feel much better.
The salamander hits you from afar with an enchanted glaive.
You are engulfed in flames!
The salamander mystic points at you and mumbles some strange words.
The orb of energy hits you!
* * * LOW HITPOINT WARNING * * *
The orb of energy explodes!
The salamander hits you but does no damage.
The salamander hits you from afar with an enchanted glaive!
You die...

#≈≈≈≈≈§§#...#.....#...#≈≈§≈§##
#≈§≈§≈§#...#######...#≈≈≈§≈≈#
#≈§≈§§≈#...+![.[[+...#§§§≈≈≈#
##≈≈§§≈#...#..≈..#...#§≈≈§###
##≈≈≈≈#...#8≈≈≈8#..N#§§≈##
#≈≈≈≈##..'..≈..+..##≈§≈≈#
#≈≈≈§≈#..'NNN..+..#≈≈≈§≈#
##≈§§§##.#8N..8#.##≈§≈§##
##≈§§§###.@...###≈≈≈≈##
##≈≈≈§§≈.....≈§§§≈###
#§≈≈≈≈≈8...8§≈§§##
##≈§≈≈≈....§≈§###
###≈§≈.....≈≈# #§≈≈8...8§##
####.....## #.....# #8...8#


You could see a salamander mystic and 3 salamanders.

Vanquished Creatures
  Gastronok (Lair:1)
  2 two-headed ogres (D:10)
  An ugly thing (D:11)
  Joseph (D:7)
  A gargoyle (D:10)
  Maurice (D:11)
  A spiny frog (Lair:1)
  A centaur skeleton (D:11)
  2 trolls (D:10)
  A hippogriff (D:10)
  A shadow (D:11)
  Sigmund (D:3)
  A wraith (D:10)
  3 yaks (Lair:1)
  A wyvern (Lair:1)
  A hungry ghost (D:11)
  A steam dragon (D:7)
  The ghost of Rrauwl the Chiller, an amateur BaIE of Cheibriados (D:3)
  2 soldier ants (D:10)
  Duvessa (D:7)
  2 porcupines (Lair:1)
  2 hell hounds (Lair:2)
  10 orc warriors
  2 water moccasins (Lair:1)
  3 ice beasts
  A black bear (D:10)
  6 ogres
  4 centaurs
  2 crocodiles (Lair:1)
  A big kobold (D:10)
  9 bullfrogs
  A wyvern zombie (D:10)
  A water moccasin skeleton (D:9)
  Dowan (D:7)
  3 scorpions
  6 killer bees (D:10)
  9 wights
  4 howler monkeys
  A centaur zombie (D:8)
  A crimson imp (D:6)
  A bullfrog zombie (D:6)
  2 hounds
  5 orc priests
  2 bullfrog skeletons (D:10)
  5 orc wizards
  Jessica (D:3)
  2 iguanas
  3 worker ants (D:10)
  A killer bee zombie (D:5)
  A hound skeleton (D:4)
  A howler monkey zombie (D:8)
  12 adders
  4 gnolls (D:9)
  A river rat (D:3)
  3 shadow imps
  3 oozes
  An adder skeleton (D:7)
  An adder zombie (D:7)
  3 worms
  4 dart slugs
  11 leopard geckos
  48 orcs
  9 bats
  13 giant cockroaches
  11 hobgoblins
  9 jackals
  5 quokkas
  7 ball pythons
  10 frilled lizards
  10 goblins
  14 kobolds
  A leopard gecko skeleton (D:4)
  A quokka skeleton (D:5)
  14 rats
  A butterfly (D:10)
314 creatures vanquished.

Vanquished Creatures (others)
  A two-headed ogre (D:10)
  An orc knight (D:10)
2 creatures vanquished.

Grand Total: 316 creatures vanquished

Notes
Turn   | Place    | Note
-------+----------+-------------------------------------------
     0 | Abyss:1  | Gargoyl the Centaur Abyssal Knight began the quest for the Orb.
     0 | Abyss:1  | Reached XP level 1. HP: 19/19 MP: 2/2
   104 | Abyss:1  | Noticed an ancient zyme
   109 | Abyss:1  | Noticed a rust devil
   121 | Abyss:1  | Noticed a spatial vortex
   122 | Abyss:1  | Noticed a spatial vortex
   123 | Abyss:1  | Noticed a spatial vortex
   123 | Abyss:1  | Noticed a spatial vortex
   124 | Abyss:1  | Noticed a spatial vortex
   124 | Abyss:1  | Noticed a spatial vortex
   146 | Abyss:1  | Noticed a small abomination
   149 | D:1      | Escaped the Abyss
   190 | D:1      | Reached XP level 2. HP: 24/26 MP: 3/3
   220 | D:1      | Reached skill level 2 in Axes
   282 | D:1      | Reached * piety under Lugonu
   425 | D:1      | Reached XP level 3. HP: 23/31 MP: 4/4
   532 | D:1      | Reached skill level 1 in Dodging
  1502 | D:2      | Reached XP level 4. HP: 22/38 MP: 5/5
  1630 | D:2      | Reached ** piety under Lugonu
  2329 | D:3      | Noticed Rrauwl's ghost (amateur BaIE)
  2345 | D:3      | Killed Rrauwl's ghost
  2345 | D:3      | Reached skill level 3 in Axes
  2345 | D:3      | Reached XP level 5. HP: 30/46 MP: 7/7
  2528 | D:3      | Reached XP level 6. HP: 44/52 MP: 8/8
  2559 | D:3      | Found a glowing drain.
  2563 | Sewer    | Entered a sewer
  2592 | Sewer    | Reached *** piety under Lugonu
  3104 | D:3      | Identified a scroll of acquirement
  3166 | D:3      | Noticed Sigmund
  3191 | D:3      | Killed Sigmund
  3191 | D:3      | Reached skill level 4 in Axes
  3191 | D:3      | Reached XP level 7. HP: 49/59 MP: 9/9
  3205 | D:3      | Noticed Jessica
  3220 | D:3      | Killed Jessica
  3853 | D:4      | Found Zin's Purification Station.
  3855 | D:4      | Found a glowing silver altar of Zin.
  4494 | D:4      | Found a shadowy altar of Dithmenos.
  4535 | D:5      | Entered Level 5 of the Dungeon
  4549 | D:5      | Found Ijimaluts's General Store.
  4757 | D:5      | Found an ornate altar of the Wu Jian Council.
  4765 | D:5      | Reached **** piety under Lugonu
  4770 | D:5      | Found a glowing golden altar of the Shining One.
  4770 | D:5      | Found a bloodstained altar of Trog.
  4772 | D:5      | Found an opulent altar of Gozag.
  4772 | D:5      | Found a sacrificial altar of Ru.
  4790 | D:5      | Reached skill level 1 in Shields
  4795 | D:5      | Reached XP level 8. HP: 29/67 MP: 11/11
  4836 | D:5      | Reached skill level 5 in Axes
  5101 | D:5      | Bought 2 potions of heal wounds for 120 gold pieces
  5415 | D:6      | Reached skill level 5 in Invocations
  6568 | D:7      | Noticed Dowan
  6570 | D:7      | Noticed Duvessa
  6577 | D:7      | Killed Dowan
  6577 | D:7      | Reached skill level 5 in Fighting
  6593 | D:7      | Killed Duvessa
  6704 | D:7      | Reached skill level 5 in Armour
  6818 | D:7      | Found a staircase to the Ecumenical Temple.
  6867 | D:7      | Noticed Joseph
  6882 | D:7      | Killed Joseph
  6882 | D:7      | Reached skill level 6 in Axes
  6882 | D:7      | Reached XP level 9. HP: 32/74 MP: 13/13
  7308 | D:8      | Found Qaufruc's Book Shoppe.
  7589 | D:8      | Found Nuoviwn's Antique Armour Boutique.
  7642 | D:8      | Found Vuical's Assorted Antiques.
  8155 | D:9      | Reached ***** piety under Lugonu
  8194 | D:9      | Reached skill level 7 in Axes
  8961 | D:10     | Entered Level 10 of the Dungeon
  9062 | D:10     | Found a runed door.
  9075 | D:10     | Found a runed door.
  9100 | D:10     | Reached XP level 10. HP: 73/83 MP: 15/15
  9685 | D:10     | Reached skill level 8 in Axes
  9707 | D:10     | Reached skill level 1 in Throwing
  9838 | D:10     | Noticed a two-headed ogre
  9853 | D:10     | Banished a two-headed ogre
  9900 | D:10     | Noticed a two-headed ogre
  9907 | D:10     | HP: 2/83 [two-headed ogre/giant club (16)]
 10046 | D:10     | Noticed a two-headed ogre
 10055 | D:10     | Killed a two-headed ogre
 10245 | D:10     | Killed a two-headed ogre
 10414 | D:10     | Noticed a gargoyle
 10428 | D:10     | Killed a gargoyle
 10659 | D:10     | Reached XP level 11. HP: 91/91 MP: 15/17
 10753 | D:11     | Noticed an orc knight
 10754 | D:11     | Found a roughly hewn altar of Beogh.
 10754 | D:11     | Found a staircase to the Orcish Mines.
 11004 | D:10     | Banished an orc knight
 11004 | D:10     | Reached skill level 9 in Axes
 11879 | D:11     | Noticed a red ugly thing
 11894 | D:11     | Killed a red ugly thing
 12048 | D:11     | Noticed Maurice
 12057 | D:11     | Killed Maurice
 12096 | D:11     | Found a staircase to the Lair.
 12104 | Lair:1   | Entered Level 1 of the Lair of Beasts
 12365 | Lair:1   | Got a jewelled falchion
 12366 | Lair:1   | Identified the +6 falchion "Ogrebane" {drain, +Fly rF- Int+5 SInv} (You found it on level 1 of the Lair of Beasts)
 12409 | Lair:1   | Noticed Gastronok
 12432 | Lair:1   | Killed Gastronok
 13153 | Lair:2   | Found a dark tunnel.
 13167 | Volcano  | Entered a volcano
 13200 | Volcano  | Found a bloodstained altar of Trog.
 13200 | Volcano  | Noticed a red draconian
 13229 | Volcano  | Noticed a salamander mystic
 13239 | Volcano  | Slain by a salamander

Skill      XL: |  1  2  3  4  5  6  7  8  9 10 11 |
---------------+----------------------------------+-----
Axes           | 2 3 4 6 7 8 9 |  9.7
Dodging        | 1 |  1.8
Armour         | 2 3 4 5 6 7 8 |  8.6
Fighting       | 4 5 6 7 |  7.7
Invocations    | 3 4 6 7 8 |  8.9
Shields        | 1 2 |  2.9
Throwing       | 1 |  1.4

Action                   |  1- 3 |  4- 6 |  7- 9 | 10-12 || total
-------------------------+-------+-------+-------+-------++-------
Melee: Hand axe          |   107 |   147 |   269 |   431 ||   954
       Kick              |    16 |    40 |   121 |   148 ||   325
       War axe           |       |       |   172 |       ||   172
Throw: Javelin           |       |       |     5 |     9 ||    14
Invok: Depart the Abyss  |     1 |       |       |       ||     1
       Banish            |       |       |       |     2 ||     2
  Use: Scroll            |     2 |     5 |    10 |    10 ||    27
       Potion            |       |       |       |     3 ||     3
  Eat: Chunk             |     1 |     5 |    16 |     9 ||    31
       Ration            |       |       |       |     1 ||     1
Armor: Leather armour    |    88 |     2 |       |       ||    90
       Chain mail        |       |   120 |   246 |       ||   366
       Plate armour      |       |       |   115 |   302 ||   417
Dodge: Dodged            |    70 |    50 |    66 |    44 ||   230
Block: Buckler           |       |    23 |    69 |    57 ||   149
